 Dungeon Crawl Stone Soup version 0.17-a0-1093-g0b3cd89 (webtiles) character file.

126 Hanyuu the Insei (level 5, -6/33 HPs)
             Began as an Octopode Transmuter on May 20, 2015.
             Shot with a sling bullet by a goblin (7 damage)
             ... led by Robin
             ... on level 3 of the Dungeon.
             The game lasted 00:06:37 (2765 turns).

Hanyuu the Insei (Octopode Transmuter)              Turns: 2765, Time: 00:06:37

Health: -6/33      AC:  2    Str: 10    XL:     5   Next: 9%
Magic:  1/8        EV: 19    Int: 16    God:
Gold:   143        SH:  0    Dex: 17    Spells: 3 memorised, 2 levels left

rFire  . . .     SeeInvis .       - Unarmed
rCold  . . .     Clarity  .     (shield currently unavailable)
rNeg   . . .     SustAb   .     (helmet currently unavailable)
rPois  x         Gourm    .     (no amulet)
rElec  .         Spirit   .     i - ring of protection from magic
rCorr  .         Warding  .     (no ring)
rMut   .         Stasis   .     (no ring)
MR     +....                    (no ring)
Stlth  ++........               (no ring)
                                (no ring)
                                (no ring)
                                (no ring)

@: spider-form (expiring), somewhat resistant to hostile enchantments,
unstealthy
A: almost no armour, amphibious, 8 rings, (constrict 8), (camouflage 0),
(gelatinous body 0)
a: End Transformation


You were on level 3 of the Dungeon.
You were not hungry.
You were a venomous arachnid creature.
You visited 1 branch of the dungeon, and saw 3 of its levels.

You collected 143 gold pieces.

Inventory:

Hand weapons
 a - a +0 hunting sling
Missiles
 g - 16 poisoned needles
 p - 25 arrows
Jewellery
 i - a ring of protection from magic (left front leg)
 o - a +1 ring of evasion {unknown}
Scrolls
 e - 4 scrolls of identify {unknown}
 f - 3 scrolls of remove curse {unknown}
 h - a scroll of magic mapping {unknown}
 l - a scroll of immolation {unknown}
 m - a scroll of amnesia {unknown}
Potions
 d - a potion of beneficial mutation {unknown}
 j - a potion of might {unknown}
 k - a potion of brilliance {unknown}
 r - a potion of heal wounds {unknown}
Books
 b - a book of Changes

   Spells                             Type                      Level
   a - Beastly Appendage              Transmutation                1
   b - Sticks to Snakes               Transmutation                2
   c - Spider Form                    Transmutation/Poison         3
   d - Ice Form                       Ice/Transmutation            4
   e - Blade Hands                    Transmutation                5
Comestibles
 c - a bread ration
 n - a meat ration
 q - a chunk of flesh


   Skills:
 + Level 1.0 Fighting
 - Level 2.0 Dodging
 * Level 5.0 Unarmed Combat
 - Level 2.0 Spellcasting
 - Level 3.2 Transmutations


You had 2 spell levels left.
You knew the following spells:

 Your Spells              Type           Power        Failure   Level  Hunger
a - Beastly Appendage     Trmt           ##....       21%         1    #......
b - Sticks to Snakes      Trmt           ##........   24%         2    ###....
c - Spider Form           Trmt/Pois      #.........   56%         3    ###....


Dungeon Overview and Level Annotations

Branches:
Dungeon (3/15)

Altars:
Yredelemnul

Annotations:
D:3 Robin


Innate Abilities, Weirdness & Mutations

You cannot wear most types of armour.
You are amphibious.
You can wear up to eight rings at the same time.
((You can use your tentacles to constrict eight enemies at once.))
((Your skin changes colour to match your surroundings (Stealth).))
((Your rubbery body absorbs attacks (AC +1).))


Message History

Robin roars a battlecry!
The goblins go into a battle-frenzy!
Casting: Spider Form
Confirm with . or Enter, or press ? or * to list all spells.
You turn into a venomous arachnid creature.
Your transformation is almost over.
The goblin misses you.
Robin roars a battlecry!
The hobgoblin goes into a battle-frenzy!
The goblin shoots a sling bullet.
The sling bullet barely misses you.
Casting: Spider Form
Confirm with . or Enter, or press ? or * to list all spells.
You extend your transformation's duration.
The goblin hits you with a club.
* * * LOW HITPOINT WARNING * * *
Your transformation is almost over.
The goblin hits you with a club.
* * * LOW HITPOINT WARNING * * *
The goblin shoots a sling bullet.
The sling bullet hits you!
You die...

.#.#...####..# #.....#
#.#.........#######.รท...#
#.#..##...........#..)..#
#.#...............#.....#
..##..............#.....#
####..............#.....#
#..........[.........# #
##+####'####.........#
#.###.##.......s........#
.#............gggg..######
.....).......gg.....#
.g.g.)(.......g.....#
...g###.#....g......# ...
##.#.(..)......#
#.......).(....#
#.......(..###.....
#......##### .....


You could see Robin, 3 hobgoblins and 4 goblins.

Vanquished Creatures
  Natasha (D:3)
  An adder (D:2)
  3 gnolls (D:2)
  2 giant geckos
  An orc (D:3)
  A ball python (D:1)
  7 hobgoblins
  6 jackals
  5 bats
  4 giant cockroaches
  3 giant newts
  14 goblins
  7 kobolds
  10 rats
65 creatures vanquished.

Notes
Turn   | Place    | Note
--------------------------------------------------------------
     0 | D:1      | Hanyuu the Octopode Transmuter began the quest for the Orb.
     0 | D:1      | Reached XP level 1. HP: 13/13 MP: 3/3
   169 | D:1      | Reached XP level 2. HP: 11/18 MP: 3/5
   864 | D:1      | Reached skill level 4 in Unarmed Combat
  1338 | D:2      | Found a basalt altar of Yredelemnul.
  1340 | D:2      | Reached XP level 3. HP: 23/23 MP: 4/6
  1350 | D:2      | Learned a level 2 spell: Sticks to Snakes
  1354 | D:2      | Learned a level 3 spell: Spider Form
  1586 | D:2      | Reached XP level 4. HP: 20/28 MP: 3/7
  2549 | D:3      | Noticed Natasha
  2556 | D:3      | Killed Natasha
  2556 | D:3      | Reached XP level 5. HP: 18/33 MP: 4/8
  2742 | D:3      | Noticed Robin
  2751 | D:3      | Reached skill level 5 in Unarmed Combat
  2761 | D:3      | HP: 1/33 [goblin/club[Robin] (1)]
  2765 | D:3      | Shot with a sling bullet by a goblin

Vault maps used:
D:1:      ncdulo_wetmaze, minmay_misc_feat_ornament, minmay_box_of_dots
D:2:      yredelemnul_altar_generic
D:3:      uniq_robin, uniq_natasha

Action                   |  1- 3 |  4- 6 || total
-------------------------+-------+-------++-------
Melee: Unarmed           |    68 |    69 ||   137
 Cast: Beastly Appendage |     4 |     2 ||     6
       Spider Form       |     1 |     4 ||     5
 Stab: Sleeping          |     5 |       ||     5
  Eat: Chunk             |     2 |     4 ||     6
